 Dungeon Crawl Stone Soup version 0.20.0-8-g6b59dc7 (webtiles) character file.

26376 MDvedh the Fighter (level 13, -2/133 HPs)
             Began as an Ogre Earth Elementalist on June 2, 2017.
             Was an Elder of Vehumet.
             Slain by a water moccasin (7 damage)
             ... on level 2 of the Lair of Beasts.
             The game lasted 00:36:52 (22001 turns).

MDvedh the Fighter (Ogre Earth Elementalist)       Turns: 22001, Time: 00:36:52

Health: -2/133     AC: 11    Str: 15    XL:     13   Next: 25%
Magic:  2/27       EV: 13    Int: 15    God:    Vehumet [****..]
Gold:   360        SH:  4    Dex:  9    Spells: 12/32 levels left

rFire    + + .     SeeInvis .   m - +2 whip (drain)
rCold    + . .     Gourm    +   (no shield)
rNeg     . . .     Faith    .   n - +2 robe {MR+}
rPois    +         Spirit   .   B - +2 hat "Ozicykhi" {MR++ Int-3}
rElec    +         Reflect  .   j - +0 cloak
rCorr    +         Harm     .   (gloves unavailable)
MR       +++++                  (boots unavailable)
Stlth    +.........             q - amulet of the gourmand
Regen    0.4/turn               C - +3 ring of protection
MPRegen  0.2/turn               k - ring of protection from fire

@: lethally poisoned (-2 -> -3), resistant, very slightly contaminated
A: unfitting armour, large bone plates 1, dopey 1, magic resistance 1, tough
skin 1
a: Renounce Religion


You were on level 2 of the Lair of Beasts.
You worshipped Vehumet.
Vehumet was greatly pleased with you.
You were not hungry.

You visited 2 branches of the dungeon, and saw 14 of its levels.
You also visited: Sewer and Ossuary.

You collected 727 gold pieces.
You spent 367 gold pieces at shops.

Inventory:

Hand Weapons
 m - a +2 whip of draining (weapon)
 Q - the +7 great mace "Firestarter" {inner flame, rF++}
   (You found it on level 10 of the Dungeon)

   It has been specially enchanted to burn those struck by it, causing extra
   injury to most foes and up to half again as much damage against particularly
   susceptible opponents.
   It greatly protects you from fire.
Missiles
 b - 322 stones (quivered)
Armour
 j - a +0 cloak (worn)
 n - a +2 robe of magic resistance (worn)
 B - the +2 hat "Ozicykhi" (worn) {MR++ Int-3}
   (You bought it in a shop on level 4 of the Dungeon)

   It affects your intelligence (-3).
   It affects your resistance to hostile enchantments.
Jewellery
 k - a ring of protection from fire (right hand)
 l - an uncursed ring of fire
 q - an amulet of the gourmand (around neck)
 r - an uncursed ring of fire
 v - an uncursed ring of stealth
 A - an uncursed ring of ice
 C - a +3 ring of protection (left hand)
Wands
 c - a wand of iceblast (6/15)
 y - a wand of flame (11/48)
 D - a wand of paralysis (23/24)
 I - a wand of confusion (31/48)
 S - a wand of acid (4/15)
Scrolls
 d - a scroll of recharging
 f - 2 scrolls of teleportation
 g - 4 scrolls of enchant weapon
 h - 4 scrolls of amnesia
 w - 3 scrolls of immolation
 H - a scroll of fear
 K - 6 scrolls of identify
 N - a scroll of remove curse
Potions
 a - 2 potions of might
 i - a potion of invisibility
 p - a potion of brilliance {unknown}
 t - 4 potions of ambrosia
 u - a potion of haste {unknown}
 x - 3 potions of lignification
 E - 4 potions of resistance
 F - a potion of magic {unknown}
 G - a potion of mutation
 L - a potion of berserk rage {unknown}
 M - a potion of agility
Books
 e - a book of Geomancy

   Spells                             Type                      Level
   a - Sandblast                      Earth                        1
   b - Passwall                       Transmutation/Earth          2
   c - Stone Arrow                    Conjuration/Earth            3
   d - Petrify                        Transmutation/Earth          4
   e - Lee's Rapid Deconstruction     Earth                        5
 J - a book of Misfortune

   Spells                             Type                      Level
   a - Confusing Touch                Hexes                        1
   b - Confuse                        Hexes                        3
   c - Gell's Gravitas                Translocation                3
   d - Petrify                        Transmutation/Earth          4
   e - Metabolic Englaciation         Hexes/Ice                    5
   f - Yara's Violent Unravelling     Hexes/Transmutation          5
 P - a book of Flames

   Spells                             Type                      Level
   a - Flame Tongue                   Conjuration/Fire             1
   b - Throw Flame                    Conjuration/Fire             2
   c - Conjure Flame                  Conjuration/Fire             3
   d - Inner Flame                    Hexes/Fire                   3
   e - Sticky Flame                   Conjuration/Fire             4
   f - Fireball                       Conjuration/Fire             5
Comestibles
 o - 3 bread rations
 s - 5 royal jellies
 z - 7 fruits
 R - 3 meat rations


   Skills:
 + Level 10.3 Fighting
 + Level 7.9 Maces & Flails
 + Level 7.4 Dodging
 - Level 1.4 Stealth
 + Level 10.1 Spellcasting
 + Level 9.4 Conjurations
   Level 0.8 Transmutations
 - Level 10.1 Earth Magic


You had 12 spell levels left.
You knew the following spells:

 Your Spells              Type           Power        Failure   Level  Hunger
a - Sandblast             Erth           #####.       1%          1    None
b - Lee's Rapid Deconstr  Erth           #####.....   1%          5    #####..
c - Sticky Flame          Conj/Fire      ###.....     4%          4    ###....
d - Orb of Destruction    Conj           #####.....   38%         7    #######
f - Stone Arrow           Conj/Erth      #####.       1%          3    None


Dungeon Overview and Level Annotations

Branches:
Dungeon (12/15)            Temple (0/1) D:4            Lair (2/6) D:11
 Shoals (0/4) Lair:2
  Snake: Lair:2-4    Spider: Lair:2-4       Orc: D:9-12

Altars:
Ashenzari
Cheibriados
Elyvilon
Fedhas
Hepliaklqana
Kikubaaqudgha
Okawaru
Qazlal
Ru
Trog
Uskayaw
Vehumet
Zin
The Shining One

Shops:
D:4 [   D:7 [   D:8 *


Innate Abilities, Weirdness & Mutations

You are too large for most types of armour.
You have tough skin. (AC +1)
You are partially covered in large bone plates. (SH +4)
You are dopey. (Int -2)
You are resistant to hostile enchantments. (MR+)


Message History

Confirm with . or Enter, or press ? or * to list all spells.
Aiming: Stone Arrow
Press: ? - help, Shift-Dir - straight line, f - water moccasin
Aim: a water moccasin (moderately wounded)
The stone arrow misses the water moccasin.
You feel sick.
Casting: Stone Arrow
Confirm with . or Enter, or press ? or * to list all spells.
Aiming: Stone Arrow
Press: ? - help, Shift-Dir - straight line, f/p - water moccasin
Aim: a water moccasin (moderately wounded)
The stone arrow misses the water moccasin.
You feel sick.
You closely miss the water moccasin.
The water moccasin is moderately wounded.
The water moccasin bites you but does no damage.
You closely miss the water moccasin.
The water moccasin is moderately wounded.
The water moccasin bites you!
You die...

...........................>.....
.................................
.................................
............................[....
.................................
....................#.###.#..#...
........####..#.....## #.#P.##..
..##.....##P..##....# .....# ..
..###...####.P##@...#.
....#....##..##.S.......
....#...###...##....#P..
...+....# #...##....+...
#####...# ######....####
.#.##...########†...P#P
.........†...##P.......
.............S.........
##.###.#.####.####.###.


You could see a water moccasin.

Vanquished Creatures
  A fire dragon (D:10)
  4 hydras
  4 two-headed ogres
  A centaur warrior (D:11)
  A cyclops (D:11)
  3 ugly things (D:11)
  A manticore (D:11)
  2 black mambas (Lair:1)
  3 spiny frogs
  A kobold demonologist (D:11)
  2 komodo dragons
  A hornet (D:9)
  Grinder (D:6)
  3 blink frogs (Lair:1)
  3 hippogriffs
  A snapping turtle (Lair:2)
  39 yaks
  A wyvern (D:11)
  2 hogs (D:11)
  A human (D:11)
  5 fire bats (D:10)
  2 hungry ghosts
  An acid dragon (D:11)
  A water moccasin (Lair:2)
  7 porcupines
  Purgy (Sewer)
  A sky beast (D:7)
  2 orc warriors
  3 black bears
  4 phantoms
  3 ice beasts
  6 ogres
  A necrophage (D:7)
  4 centaurs
  5 crocodiles
  6 bullfrogs
  A big kobold (D:9)
  5 scorpions
  A killer bee (D:9)
  21 wights
  An electric eel (Lair:2)
  2 howler monkeys (D:10)
  7 crimson imps
  2 bullfrog zombies (D:9)
  A quasit (D:9)
  A centaur zombie (Ossuary)
  3 hounds
  2 jellies (D:10)
  4 orc priests
  3 orc wizards
  Jessica (D:2)
  4 iguanas
  7 worker ants
  2 killer bee zombies
  2 hound skeletons
  4 mummies (Ossuary)
  Robin (D:2)
  14 adders
  2 howler monkey skeletons
  A river rat (D:6)
  4 shadow imps
  An adder zombie (D:5)
  An adder skeleton (D:10)
  6 worms
  4 dart slugs
  9 leopard geckos
  15 orcs
  2 bats
  11 giant cockroaches
  5 hobgoblins
  20 jackals
  4 quokkas
  3 ball pythons
  5 frilled lizards
  2 gnoll zombies (Ossuary)
  8 goblins
  2 goblin zombies (Ossuary)
  A hobgoblin zombie (Ossuary)
  17 kobolds
  2 orc zombies (Ossuary)
  A quokka zombie (D:5)
  6 rats
348 creatures vanquished.

Vanquished Creatures (others)
  A jackal (D:10)
  44 fungi (D:11)
  48 plants
93 creatures vanquished.

Grand Total: 441 creatures vanquished

Notes
Turn   | Place    | Note
-------+----------+-------------------------------------------
     0 | D:1      | MDvedh the Ogre Earth Elementalist began the quest for the Orb.
     0 | D:1      | Reached XP level 1. HP: 16/16 MP: 3/3
   268 | D:1      | Reached XP level 2. HP: 24/24 MP: 2/5
   917 | D:1      | Reached XP level 3. HP: 20/31 MP: 0/7
  1248 | D:2      | Noticed Robin
  1277 | D:2      | Killed Robin
  1527 | D:2      | Learned a level 3 spell: Stone Arrow
  1610 | D:2      | Reached XP level 4. HP: 33/39 MP: 9/9
  1684 | D:2      | Noticed Jessica
  1697 | D:2      | Killed Jessica
  2099 | D:2      | Found a radiant altar of Vehumet.
  2110 | D:2      | Became a worshipper of Vehumet
  2254 | D:2      | Reached XP level 5. HP: 44/45 MP: 11/11
  2691 | D:3      | Reached skill level 1 in Conjurations
  2973 | D:3      | Reached * piety under Vehumet
  2973 | D:3      | Offered knowledge of Sting by Vehumet.
  3008 | D:3      | Reached XP level 6. HP: 53/53 MP: 11/13
  3329 | D:3      | Found a faded altar of an unknown god.
  3488 | D:4      | Reached skill level 5 in Spellcasting
  3720 | D:4      | Noticed a phantom
  3901 | D:4      | Found Zownar's Antique Armour Emporium.
  3909 | D:4      | Killed a phantom
  3909 | D:4      | Reached skill level 1 in Maces & Flails
  4086 | D:4      | Bought a distressingly furry hat for 180 gold pieces
  4091 | D:4      | Identified the +2 hat "Ozicykhi" {MR++ Int-3} (You bought it in a shop on level 4 of the Dungeon)
  4093 | D:4      | Found a staircase to the Ecumenical Temple.
  4372 | D:4      | Reached skill level 5 in Earth Magic
  4372 | D:4      | Reached XP level 7. HP: 58/59 MP: 14/14
  4646 | D:5      | Entered Level 5 of the Dungeon
  5371 | D:5      | Found a white marble altar of Elyvilon.
  6203 | D:6      | Reached ** piety under Vehumet
  6203 | D:6      | Offered knowledge of Shock by Vehumet.
  6338 | D:6      | Reached XP level 8. HP: 58/67 MP: 15/15
  6347 | D:6      | Found a glowing drain.
  6354 | Sewer    | Entered a sewer
  6477 | Sewer    | Noticed Purgy
  6484 | Sewer    | Killed Purgy
  6721 | D:6      | Noticed Grinder
  6752 | D:6      | Killed Grinder
  7471 | D:7      | Noticed a hippogriff
  7484 | D:7      | Killed a hippogriff
  7893 | D:7      | Reached XP level 9. HP: 29/74 MP: 2/16
  7922 | D:7      | Reached skill level 5 in Conjurations
  7932 | D:7      | Found a sand-covered staircase.
  7993 | Ossuary  | Entered an ossuary
  8522 | D:7      | Offered knowledge of Throw Frost by Vehumet.
  8626 | D:7      | Reached skill level 5 in Maces & Flails
  9393 | D:7      | Reached *** piety under Vehumet
  9562 | D:7      | Found Zilif's Armour Shop.
  9565 | D:7      | Bought a +0 cloak for 49 gold pieces
 10142 | D:8      | Reached skill level 1 in Fighting
 10148 | D:8      | Noticed a two-headed ogre
 10156 | D:8      | HP: 2/76 [two-headed ogre/giant club (7)]
 10161 | D:8      | HP: 2/76 [two-headed ogre/giant club (7)]
 10162 | D:8      | Killed a two-headed ogre
 10162 | D:8      | Reached XP level 10. HP: 3/89 MP: 4/18
 10923 | D:8      | Found Jaremmot's General Store.
 10954 | D:8      | Bought a potion of mutation for 96 gold pieces
 10954 | D:8      | Bought a scroll of fear for 42 gold pieces
 10984 | D:8      | Found an ancient bone altar of Kikubaaqudgha.
 11258 | D:8      | Learned a level 5 spell: Lee's Rapid Deconstruction
 11335 | D:8      | Found a bloodstained altar of Trog.
 12151 | D:9      | Offered knowledge of Force Lance by Vehumet.
 12421 | D:9      | Found a sacrificial altar of Ru.
 13338 | D:9      | Found a snail-covered altar of Cheibriados.
 13544 | D:9      | Found a glowing silver altar of Zin.
 13548 | D:9      | Found a hide-covered altar of Uskayaw.
 13553 | D:9      | Found a glowing golden altar of the Shining One.
 13553 | D:9      | Found a stormy altar of Qazlal.
 13553 | D:9      | Found a shattered altar of Ashenzari.
 13554 | D:9      | Found an ancient bone altar of Kikubaaqudgha.
 13555 | D:9      | Found a hazy altar of Hepliaklqana.
 13556 | D:9      | Found an iron altar of Okawaru.
 13598 | D:10     | Entered Level 10 of the Dungeon
 13622 | D:10     | Noticed a two-headed ogre
 13644 | D:10     | Reached skill level 5 in Fighting
 13647 | D:10     | Reached **** piety under Vehumet
 13667 | D:10     | Killed a two-headed ogre
 13667 | D:10     | Reached XP level 11. HP: 78/105 MP: 2/21
 14075 | D:10     | Noticed a two-headed ogre
 14081 | D:10     | Killed a two-headed ogre
 14291 | D:10     | Noticed a fire dragon
 14299 | D:10     | Offered knowledge of Sticky Flame by Vehumet.
 14339 | D:10     | Killed a fire dragon
 14604 | D:10     | Reached skill level 5 in Dodging
 14748 | D:10     | Learned a level 4 spell: Sticky Flame
 15723 | D:11     | Noticed a red ugly thing
 16099 | D:11     | Killed a red ugly thing
 16146 | D:11     | Gained mutation: You are partially covered in large bone plates. (SH +4) [mutagenic meat]
 16332 | D:11     | Noticed a centaur warrior
 16334 | D:11     | Found a staircase to the Lair.
 16338 | D:11     | Killed a centaur warrior
 16352 | D:11     | Reached XP level 12. HP: 79/119 MP: 18/24
 16847 | D:11     | Found a blossoming altar of Fedhas.
 17019 | D:11     | Noticed a two-headed ogre
 17046 | D:11     | Killed a two-headed ogre
 17267 | D:11     | Noticed a seven-headed hydra
 17273 | D:11     | Killed a seven-headed hydra
 17273 | D:11     | Reached ***** piety under Vehumet
 17489 | D:11     | Gained mutation: You are dopey. (Int -2) [mutagenic meat]
 17491 | D:11     | Gained mutation: You are resistant to hostile enchantments. (MR+) [mutagenic meat]
 17632 | D:11     | Offered knowledge of Orb of Destruction by Vehumet.
 17642 | D:11     | Learned a level 7 spell: Orb of Destruction
 17972 | D:11     | Noticed a seven-headed hydra
 17980 | D:11     | Killed a seven-headed hydra
 18329 | D:11     | Reached skill level 10 in Earth Magic
 19102 | D:11     | Noticed an eight-headed hydra
 19106 | D:11     | Killed an eight-headed hydra
 19172 | Lair:1   | Entered Level 1 of the Lair of Beasts
 19636 | Lair:1   | Reached XP level 13. HP: 90/133 MP: 9/26
 20048 | Lair:1   | Reached skill level 10 in Fighting
 20814 | Lair:1   | Reached skill level 10 in Spellcasting
 21304 | Lair:2   | Found a staircase to the Shoals.
 21993 | Lair:2   | HP: 6/133 [four-headed hydra (8)]
 21999 | Lair:2   | HP: 5/133 [poisoned by a water moccasin]
 22001 | Lair:2   | Slain by a water moccasin

Skill      XL: |  1  2  3  4  5  6  7  8  9 10 11 12 13 |
---------------+----------------------------------------+-----
Spellcasting   | 3 4 5 7 8 9 10 | 10.1
Earth Magic    | 3 4 5 6 8 9 10 | 10.1
Conjurations   | 1 2 3 4 6 7 8 9 |  9.4
Maces & Flails | 1 2 4 6 7 |  7.9
Fighting       | 2 5 8 9 10 | 10.3
Dodging        | 2 4 5 6 7 |  7.4
Stealth        | |  1.4
Transmutations | |  0.8

Action                   |  1- 3 |  4- 6 |  7- 9 | 10-12 | 13-15 || total
-------------------------+-------+-------+-------+-------+-------++-------
Melee: Club              |     3 |       |       |       |       ||     3
       Whip              |    71 |   186 |   362 |   582 |    86 ||  1287
       Eveningstar       |       |       |       |     8 |       ||     8
       Great mace        |       |       |       |    53 |       ||    53
Throw: Stone             |       |       |     1 |       |       ||     1
 Cast: Sandblast         |    35 |    29 |    18 |    15 |     1 ||    98
       Stone Arrow       |       |    10 |    75 |   197 |    68 ||   350
       Lee's Rapid Decon |       |       |       |     4 |       ||     4
  Use: Scroll            |       |       |    18 |     5 |     2 ||    25
       Potion            |       |       |     8 |     5 |     1 ||    14
 Stab: Sleeping          |       |     3 |    16 |     4 |       ||    23
  Eat: Chunk             |     1 |     8 |    17 |    36 |     5 ||    67
       Bread ration      |       |     1 |     1 |     2 |       ||     4
       Fruit             |       |       |     1 |       |       ||     1
       Royal jelly       |       |       |     1 |       |       ||     1
       Meat ration       |       |       |     1 |       |       ||     1
Armor: Robe              |    23 |    41 |   165 |   273 |    19 ||   521
Dodge: Dodged            |    48 |    86 |   225 |   375 |    46 ||   780
Block: Other             |       |       |       |    39 |    17 ||    56
